 Seeded DCSS version 0.32-a0-913-g739538afd8 (webtiles) character file.

Game seed: 17073724502869601980 (custom seed)

1738 timneilson the Covered (level 8, -4/68 HPs)
             Began as a Mountain Dwarf Fighter on Apr 7, 2024.
             Was an Initiate of Gozag.
             Slain by an orc warrior
             ... wielding a +2 heavy dire flail
              (23 damage)
             ... on level 7 of the Dungeon.
             The game lasted 00:13:39 (6764 turns).

timneilson the Covered (Mountain Dwarf Fighter)     Turns: 6764, Time: 00:13:40

Health: -4/68      AC: 12    Str: 21    XL:     8   Next: 77%
Magic:  8/8        EV:  7    Int:  9    God:    Gozag
Gold:   1015       SH:  0    Dex:  7    Spells: 7/7 levels left

rFire   + . .        m - +1 double sword (vamp)
rCold   . . .        c - +1 buckler
rNeg    . . .        n - +0 chain mail
rPois   +            r - +1 helmet
rElec   .            (no cloak)
rCorr   .            (no gloves)
SInv    +            (no boots)
Will    +++..        (no amulet) Stlth
                     e - ring "Bekh" {rPois rF+ Will+++ Dex-2}
HPRegen 0.31/turn    l - ring of see invisible
MPRegen 0.11/turn

%: no passive effects
@: confused, ambrosia-drunk, gold aura
A: runic magic, artefact enchanting
a: Renounce Religion, Potion Petition, Call Merchant, Bribe Branch


You were on level 7 of the Dungeon.
You worshipped Gozag.
Gozag was most pleased with you.
You visited 2 branches of the dungeon, and saw 8 of its levels.

You collected 1080 gold pieces.
You paid 65 gold pieces to Gozag.

Inventory:

Hand Weapons
 a - a +0 long sword
 m - a +1 vampiric double sword (weapon)
Missiles
 v - 4 poisoned darts (quivered)
 w - a throwing net
Armour
 c - a +1 buckler (worn)
 n - a +0 chain mail (worn)
 r - a +1 helmet (worn)
Jewellery
 e - the ring "Bekh" (left hand) {rPois rF+ Will+++ Dex-2}
   (You acquired it on level 1 of the Dungeon)

   [ring of protection from fire]

   Dex-2:     It affects your dexterity (-2).
   rF+:       It protects you from fire.
   rPois:     It protects you from poison.
   Will+++:   It greatly increases your willpower.
 l - a ring of see invisible (right hand)
 p - a ring of resist corrosion
 B - a ring of magical power
Wands
 o - a wand of roots (21)
 x - a wand of flame (17)
Scrolls
 g - 2 scrolls of fear
 t - 2 scrolls of amnesia
 C - a scroll of teleportation
 D - a scroll of summoning {unknown}
Potions
 b - a potion of magic {unknown}
 d - 3 potions of might
 f - a potion of mutation {unknown}
 h - a potion of haste
 i - 2 potions of lignification
 j - a potion of berserk rage {unknown}
 k - 4 potions of curing {unknown}
 q - a potion of degeneration {unknown}
 s - a potion of ambrosia
 z - 2 potions of attraction
 A - a potion of enlightenment {unknown}


   Skills:
 + Level 5.3 Fighting
 * Level 5.3 Long Blades
 * Level 6.9 Armour
 + Level 2.5 Dodging
 * Level 6.9 Shields
 + Level 2.1 Evocations


You had 7 spell levels left.
You didn't know any spells.
Your spell library contained the following spells:

 Spells                   Type           Power      Damage    Failure   Level
 Summon Ice Beast         Ice/Summ       0%         N/A       92%         3
 Summon Mana Viper        Hex/Summ       0%         N/A       100%        5
 Monstrous Menagerie      Summ           0%         N/A       100%        7


Dungeon Overview and Level Annotations

Branches:
Dungeon (7/15)             Temple (1/1) D:5

Altars:
Ashenzari
Cheibriados
Dithmenos
Elyvilon
Fedhas
Gozag
Hepliaklqana
Kikubaaqudgha
Makhleb
Nemelex Xobeh
Okawaru
Ru
Sif Muna
Uskayaw
Vehumet
Xom
Yredelemnul
Zin
The Shining One


Innate Abilities, Weirdness & Mutations

Your spellcasting is much less encumbered by armour.
You can use scrolls of enchantment on lesser artefacts.


Message History

You hit the orc priest but do no damage.
The orc priest barely misses you.
You hit the orc priest but do no damage.
The orc warrior hits you with a +2 heavy dire flail!!
* * * LOW HITPOINT WARNING * * *
The orc priest hits you but does no damage.
Unknown command.
You completely miss the orc priest. The orc priest barely misses you.
You block the orc warrior's attack.
The orc priest hits you but does no damage.
Unknown command.
It was a potion of heal wounds.
You feel much better. You block the orc warrior's attack.
The orc priest invokes the aid of Beogh against you.
Beogh smites you!
You slash the orc priest!
You feel better.
The orc priest is almost dead.
You block the orc priest's attack.
You slash the orc priest!
You feel better.
You kill the orc priest!
The orc warrior hits you with a +2 heavy dire flail.
You slash the orc warrior!
The orc warrior is moderately wounded.
You block the orc warrior's attack.
You barely miss the orc warrior.
The orc warrior is moderately wounded.
The orc warrior closely misses you.
You barely miss the orc warrior.
The orc warrior is moderately wounded.
The orc warrior hits you with a +2 heavy dire flail!
You closely miss the orc warrior.
The orc warrior is moderately wounded.
The orc warrior hits you with a +2 heavy dire flail!
* * * LOW HITPOINT WARNING * * *
Unknown command.
You are confused.
You feel invigorated.
The orc warrior hits you with a +2 heavy dire flail!!
You die...
Your body crumbles into a pile of gold.

#.≈._.≈.# #...##.....
###.≈...≈.###.#########
########.'.......'...#####
#........####'####.......#
#.###########.##....#.##.#
##.## #...............##.#
##...##
#.####.#.#......##.#
##.....## ###.#$#...#..##.#
#.......##
#...@o$...#..##.#
.........#
#.#.#.#.........#
.........#
....#.###.....###
.........# .....#.........#
#.......###.....#####.....#
##.....## #..... #.....#
##.....# #..... ###.###
#.....# ########### #.#
###...# #......# #.#


You could see an orc warrior.

Vanquished Creatures
  2 water moccasins
  A black bear (D:6)
  An ogre (D:6)
  2 centaurs
  2 phantoms
  A bullfrog (D:7)
  A gnoll sergeant (D:7)
  2 scorpions (D:5)
  A howler monkey (D:7)
  4 hounds
  5 orc priests
  2 sleepcaps
  2 iguanas
  An orc wizard (D:7)
  9 gnolls
  10 adders
  A white imp (D:7)
  2 ufetubi (D:6)
  3 dart slugs
  25 orcs
  8 endoplasms
  5 giant cockroaches
  8 hobgoblins
  11 jackals
  4 quokkas
  3 ball pythons
  11 bats
  7 frilled lizards
  6 goblins
  9 kobolds
  5 rats
154 creatures vanquished.

Vanquished Creatures (others)
  2 orc wizards (D:7)
2 creatures vanquished.

Grand Total: 156 creatures vanquished

Notes
Turn   | Place    | Note
-------+----------+-------------------------------------------
     0 | D:1      | timneilson the Mountain Dwarf Fighter began the quest for
                  | the Orb.
     0 | D:1      | Reached XP level 1. HP: 19/19 MP: 1/1
   336 | D:1      | Reached XP level 2. HP: 26/26 MP: 2/2
   666 | D:1      | Identified a scroll of acquirement
   666 | D:1      | Acquired the ring "Bekh" {rPois rF+ Will+++ Dex-2}
   912 | D:3      | Found a faded altar of an unknown god.
   933 | D:3      | Reached XP level 3. HP: 31/31 MP: 3/3
   998 | D:4      | Acquired a +1 double sword of freezing
  1011 | D:5      | Entered Level 5 of the Dungeon
  1051 | D:5      | Found a staircase to the Ecumenical Temple.
  1060 | Temple   | Entered the Ecumenical Temple
  1079 | Temple   | Became a worshipper of Gozag Ym Sagoz the Greedy
  1613 | D:2      | Reached XP level 4. HP: 37/38 MP: 4/4
  2038 | D:3      | Found a radiant altar of Vehumet.
  2880 | D:4      | Reached XP level 5. HP: 46/46 MP: 5/5
  3253 | D:4      | Reached skill level 1 in Dodging
  3782 | D:5      | Noticed a phantom
  3795 | D:4      | Killed a phantom
  3796 | D:4      | Reached XP level 6. HP: 47/52 MP: 6/6
  3884 | D:5      | Reached skill level 5 in Shields
  3901 | D:5      | Reached skill level 5 in Armour
  4073 | D:5      | Reached XP level 7. HP: 57/60 MP: 7/7
  5073 | D:6      | Reached XP level 8. HP: 63/67 MP: 8/8
  5485 | D:6      | Reached skill level 5 in Fighting
  5485 | D:6      | Reached skill level 1 in Evocations
  6009 | D:7      | Found an iron altar of Okawaru.
  6058 | D:7      | Found a shimmering blue altar of Sif Muna.
  6277 | D:7      | Reached skill level 5 in Long Blades
  6642 | D:7      | Found a broken altar of Ashenzari.
  6764 | D:7      | Slain by an orc warrior

Illustrated notes

Levels and vault maps discovered:
D:1:      lightli_arrival_windingriver, layout_loops_ring
D:2:      layout_basic, dk_noncrumbling_3
D:3:      layout_loops_corners, mainiacjoe_overflow_boulevard,
          shapermc_ecumenical_altar_gd, minmay_misc_feat_alley, st_stairs_8
D:4:      layout_gridville, lemuel_flame_loot_1
D:5:      layout_basic, minmay_temple_entry_stoned_glass
D:6:      layout_basic, grunt_decor_mini_mirrors
D:7:      layout_loops_cross, mainiacjoe_overflow_six_doors_small,
          lemuel_round_altar, lemuel_blue_sif_altar
Temple:   nicolae_temple_superstar

Skill      XL: |  1  2  3  4  5  6  7  8 |
---------------+-------------------------+-----
Long Blades    | 2 3 4 5 |  5.3
Armour         | 4 5 6 |  6.9
Shields        | 4 5 6 |  6.9
Fighting       | 4 5 |  5.3
Dodging        | 1 2 |  2.5
Evocations     | 2 |  2.1

Action                     |  1- 3 |  4- 6 |  7- 9 || total
---------------------------+-------+-------+-------++-------
  Melee: Long sword        |    98 |       |       ||    98
         Double sword      |    48 |   239 |   275 ||   562
  Throw: Dart              |       |       |     4 ||     4
    Use: Scroll            |     4 |     5 |     6 ||    15
         Potion            |       |       |     2 ||     2
 Armour: Scale mail        |    90 |       |       ||    90
         Chain mail        |    35 |   215 |   304 ||   554
  Dodge: Dodged            |    72 |   107 |   143 ||   322
  Block: Buckler           |    36 |    65 |   114 ||   215

Table legend: (Time is in decaauts)
 A = Elapsed time spent in this place.
 B = Non-inter-level travel time spent in this place.
 C = Inter-level travel time spent in this place.
 D = Time resting spent in this place.
 E = Time spent auto-exploring this place.
 F = Levels seen in this place.
 G = Mean time per level.
                   A        B        C        D        E       F      G
               +--------+--------+--------+--------+--------+-----+--------+
         Total |   6989 |   6796 |    193 |    465 |   4109 |   8 |  873.6 |
       Dungeon |   6950 |   6775 |    175 |    465 |   4109 |   7 |  992.9 |
        Temple |     38 |     20 |     18 |      0 |      0 |   1 |   38.0 |
               +--------+--------+--------+--------+--------+-----+--------+

Top non-repeatable levels by time:
     D:6: 1420 daAuts
     D:4: 1149 daAuts
     D:3: 1026 daAuts
     D:2: 953 daAuts
     D:7: 856 daAuts
     D:5: 840 daAuts
     D:1: 704 daAuts
  Temple: 38 daAuts
